 Dungeon Sprint DCSS version 0.30.1 (webtiles) character file.

Game seed: 15361403746934277652

504 boopmooplesden the Cruncher (level 7, -12/46 HPs)
             Began as a Gargoyle Gladiator on July 13, 2023.
             Was a High Priest of Trog.
             Mangled by a komodo dragon (24 damage)
             ... in the Dungeon (Sprint VII: "The Pits").
             The game lasted 00:01:33 (294 turns).

boopmooplesden the Cruncher (Gargoyle Gladiator)     Turns: 294, Time: 00:01:33

Health: -12/46     AC: 18    Str: 19    XL:     7   Next: 17%
Magic:  7/7        EV: 10    Int:  9    God:    Trog [*****.]
Gold:   0          SH:  0    Dex: 11    Spells: 6/6 levels left

rFire   . . .        p - +2 quarterstaff (speed)
rCold   . . .        (shield currently unavailable)
rNeg    + . .        o - +3 chain mail
rPois   ∞            c - +0 helmet
rElec   +            (no cloak)
rCorr   .            (no gloves)
SInv    .            (no boots)
Will    .....        (no amulet) Stlth
                     (no ring)
HPRegen 0.27/turn    (no ring)
MPRegen 0.10/turn

%: no teleportation
@: no status effects
A: sickness immunity, AC +4, negative energy resistance 1, electricity
resistance, torment resistance 1, petrification resistance
a: Renounce Religion, Berserk, Trog's Hand, Brothers in Arms


You were in the Dungeon.
You worshipped Trog.
Trog was extremely pleased with you.
You visited 1 branch

Inventory:

Hand Weapons
 a - a +0 quarterstaff
 l - a +2 quarterstaff
 p - a +2 quarterstaff of speed (weapon)
Missiles
 d - 3 throwing nets (quivered)
 e - a javelin
Armour
 b - a +0 leather armour
 c - a +0 helmet (worn)
 o - a +3 chain mail (worn)
Scrolls
 k - a scroll of blinking
 n - a scroll of summoning
Potions
 f - 6 potions of curing
 g - 5 potions of heal wounds
 h - a potion of haste
 i - 4 potions of magic
 j - 3 potions of berserk rage
 m - 2 potions of invisibility


   Skills:
 + Level 6.1 Fighting
 + Level 10.3 Staves
 + Level 4.0 Throwing
 + Level 4.6 Armour
 + Level 7.1 Dodging


You had 6 spell levels left.
You didn't know any spells.
Your spell library was empty.

Dungeon Overview and Level Annotations

Branches:
Dungeon (1/1)

Altars:
Cheibriados
Dithmenos
Elyvilon
Fedhas
Gozag
Hepliaklqana
Makhleb
Nemelex Xobeh
Okawaru
Qazlal
Ru
Sif Muna
Trog
Vehumet
Wu Jian
Xom
Yredelemnul
Zin
The Shining One
Jiyva
Lugonu


Innate Abilities, Weirdness & Mutations

You are immune to sickness and miasma.
Your stone body is resilient. (AC +4)
You are immune to poison.
You resist negative energy. (rN+)
You are resistant to electric shocks. (rElec)
You are resistant to unholy torment.
You are immune to petrification.


Message History

You open the door.
A frilled lizard comes into view.
The frilled lizard hisses angrily.
You closely miss the frilled lizard.
The frilled lizard bites you but does no damage.
You closely miss the frilled lizard. You hit the frilled lizard.
You kill the frilled lizard!
Trog accepts your kill.
There is an open door here.
You open the door.
A komodo dragon comes into view.
The komodo dragon hisses angrily.
You barely miss the komodo dragon. You bludgeon the komodo dragon!!
The komodo dragon is heavily wounded.
The komodo dragon closely misses you.
You barely miss the komodo dragon.
The komodo dragon is heavily wounded.
You sock the komodo dragon!
The komodo dragon is severely wounded.
The komodo dragon bites you!
You hit the komodo dragon but do no damage.
The komodo dragon is severely wounded.
You hit the komodo dragon.
The komodo dragon is severely wounded.
The komodo dragon bites you.
You hit the komodo dragon but do no damage.
The komodo dragon is severely wounded.
You sock the komodo dragon!
The komodo dragon is almost dead.
The komodo dragon bites you!!
* * * LOW HITPOINT WARNING * * *
You hit the komodo dragon but do no damage.
The komodo dragon is almost dead.
You closely miss the komodo dragon.
The komodo dragon is almost dead.
The komodo dragon bites you!!
Ouch! That really hurt!
You die...

#)#..#[))).##.......#
#)###########.......#
#)).....# #########
#).#.#..# #.##.##.#
#.......#+#
#.##.##.#.+
#..#.#..#l#
#.......'@#
###########


You could see a komodo dragon.

Vanquished Creatures
  A floating eye (D)
  An orc warrior (D)
  3 wights (D)
  2 orc priests (D)
  A hound (D)
  2 orc wizards (D)
  An ufetubus (D)
  An adder skeleton (D)
  7 orcs (D)
  A giant cockroach (D)
  A quokka (D)
  A bat (D)
  4 frilled lizards (D)
26 creatures vanquished.

Notes
Turn   | Place    | Note
-------+----------+-------------------------------------------
     0 | D        | boopmooplesden the Gargoyle Gladiator began the quest for
                  | the Orb.
     0 | D        | Reached XP level 1. HP: 12/12 MP: 1/1
    18 | D        | Found a bloodstained altar of Trog.
    18 | D        | Found a shimmering blue altar of Sif Muna.
    18 | D        | Found a viscous altar of Jiyva.
    18 | D        | Found a hazy altar of Hepliaklqana.
    18 | D        | Found an opulent altar of Gozag.
    19 | D        | Found a glowing golden altar of the Shining One.
    19 | D        | Found a glowing silver altar of Zin.
    19 | D        | Found a basalt altar of Yredelemnul.
    19 | D        | Found a shimmering altar of Xom.
    19 | D        | Found an ornate altar of the Wu Jian Council.
    19 | D        | Found a sacrificial altar of Ru.
    19 | D        | Found a stormy altar of Qazlal.
    19 | D        | Found an iron altar of Okawaru.
    19 | D        | Found a sparkling altar of Nemelex Xobeh.
    19 | D        | Found a burning altar of Makhleb.
    19 | D        | Found a blossoming altar of Fedhas.
    19 | D        | Found a white marble altar of Elyvilon.
    19 | D        | Found a shadowy altar of Dithmenos.
    19 | D        | Found a snail-covered altar of Cheibriados.
    20 | D        | Found a radiant altar of Vehumet.
    20 | D        | Found a corrupted altar of Lugonu.
    22 | D        | Became a worshipper of Trog the Wrathful
    52 | D        | Noticed a floating eye
    55 | D        | Killed a floating eye
    56 | D        | Reached skill level 6 in Staves
    56 | D        | Reached skill level 5 in Dodging
    56 | D        | Reached XP level 2. HP: 14/20 MP: 2/2
    56 | D        | Reached XP level 3. HP: 17/24 MP: 3/3
    56 | D        | Reached XP level 4. HP: 20/29 MP: 4/4
    96 | D        | Reached * piety under Trog
   110 | D        | Reached ** piety under Trog
   117 | D        | Reached skill level 1 in Armour
   117 | D        | Reached XP level 5. HP: 34/34 MP: 5/5
   184 | D        | Noticed an orc warrior
   198 | D        | Reached skill level 7 in Staves
   200 | D        | Killed an orc warrior
   200 | D        | Reached *** piety under Trog
   201 | D        | Reached skill level 5 in Fighting
   201 | D        | Reached skill level 8 in Staves
   201 | D        | Reached XP level 6. HP: 32/40 MP: 6/6
   210 | D        | Reached **** piety under Trog
   217 | D        | Reached skill level 9 in Staves
   236 | D        | Reached ***** piety under Trog
   248 | D        | Reached skill level 10 in Staves
   248 | D        | Reached XP level 7. HP: 34/45 MP: 7/7
   284 | D        | Noticed a komodo dragon
   294 | D        | Mangled by a komodo dragon

Illustrated notes

Levels and vault maps discovered:
D:        pitsprint [storerooms_1, entrance_room_1, metal_vault_1, armoury_1,
          mini_pit_1, grid_room_1, main_hall_1, silver_pit, the_coven_3,
          the_vestibule_1, steel_vault_1, golden_pit, hallway_of_sentries,
          crystal_vault_5, iron_vault_3, final_vault]

Skill      XL: |  1  2  3  4  5  6  7 |
---------------+----------------------+-----
Fighting       | 4 5 6 |  6.1
Staves         | 6 8 10 | 10.3
Throwing       | 3 4 |  4.0
Dodging        | 5 6 7 |  7.1
Armour         | 1 2 4 |  4.6

Action                     |  1- 3 |  4- 6 |  7- 9 || total
---------------------------+-------+-------+-------++-------
  Melee: Quarterstaff      |     6 |    68 |    19 ||    93
 Invoke: Berserk           |       |     2 |       ||     2
    Use: Potion            |       |     1 |       ||     1
 Armour: Leather armour    |     1 |    10 |       ||    11
         Chain mail        |       |    33 |     2 ||    35
  Dodge: Dodged            |     5 |    44 |     2 ||    51
